 Dungeon Crawl Stone Soup version 0.31-a0-1036-g31867e143a (webtiles) character file.

Game seed: 1677644993876017572

37 Azuregosa the Covert (level 3, 0/26 HPs)
             Began as an Octopode Delver on Nov 19, 2023.
             Slain by Ijyb
             ... wielding a +6 club
              (6 damage)
             ... on level 3 of the Dungeon.
             The game lasted 00:01:53 (259 turns).

Azuregosa the Covert (Octopode Delver)               Turns: 259, Time: 00:01:54

Health: 0/26       AC:  1    Str: 11    XL:     3   Next: 39%
Magic:  3/3        EV: 13    Int: 14    God:
Gold:   14         SH:  0    Dex: 13    Spells: 2/2 levels left

rFire   . . .        c - +0 battleaxe
rCold   . . .        (shield currently unavailable)
rNeg    . . .        (helmet restricted)
rPois   .            (no amulet)
rElec   .            (no ring)
rCorr   .            (no ring)
SInv    .            (no ring)
Will    .....        (no ring)
Stlth   +++++        (no ring)
HPRegen 0.24/turn    (no ring)
MPRegen 0.08/turn    (no ring)
                     (no ring)

%: no passive effects
@: no status effects
A: almost no armour, amphibious, 8 rings, camouflage 1, gelatinous body 1,
(nimble swimmer 1), tentacles
a: no special abilities


You were on level 3 of the Dungeon.
You visited 1 branch of the dungeon, and saw 3 of its levels.

You collected 14 gold pieces.

Inventory:

Hand Weapons
 a - a +0 short sword
 c - a +0 battleaxe (weapon)
Wands
 f - a wand of digging (3)
Scrolls
 b - a scroll of fog
 d - 2 scrolls of fear
 g - 2 scrolls of identify {unknown}
Potions
 e - a potion of haste


   Skills:
 - Level 3.0 Fighting
 - Level 2.0 Short Blades
 - Level 2.0 Dodging
 + Level 8.1 Stealth


You had 2 spell levels left.
You didn't know any spells.
Your spell library contained the following spells:

 Spells                   Type           Power      Damage    Failure   Level
 Summon Small Mammal      Summ           0%         N/A       28%         1
 Call Canine Familiar     Summ           0%         N/A       65%         3
 Summon Guardian Golem    Hex/Summ       0%         N/A       65%         3


Dungeon Overview and Level Annotations

Branches:
Dungeon (5/15)
 Temple: D:4-7

Altars:

Annotations:
D:3 Ijyb


Innate Abilities, Weirdness & Mutations

You cannot wear most types of armour.
You are amphibious.
You can wear up to eight rings at the same time.
Your skin changes colour to match your surroundings (Stealth+).
Your rubbery body absorbs attacks. (AC +1, EV +1)
((You are camouflaged when in or above water. (Stealth+)))
You have tentacles for arms and can constrict up to eight enemies at once.


Message History

Found a plate armour.
You see here a +0 battleaxe.
c - a +0 battleaxe
c - a +0 battleaxe (weapon)
g - 2 scrolls labelled CIAPSO AZOPN (gained 1)
A kobold comes into view. It is wielding a +0 dagger.
Ijyb the Twisted Goblin comes into view.
She is wielding a +6 club and carrying a wand of polymorph.
The kobold shouts!
You hear a shout!
Ijyb zaps a wand.
You turn into a sentient fungus.
Your +0 battleaxe melds into your body.
You're too terrified to move while being watched!
You're too terrified to move while being watched!
You're too terrified to move while being watched!
You release spores at Ijyb.
Ijyb appears confused.
Ijyb is lightly wounded.
You closely miss the kobold. The kobold completely misses you.
You release spores at the kobold.
The kobold is moderately wounded.
Ijyb screams, "Me back to killing you soon!"
The kobold completely misses you.
You barely miss the kobold.
The kobold is moderately wounded.
The kobold completely misses you.
You release spores at the kobold!
You kill the kobold!
Found 14 gold pieces and a scroll of fog.
You see here a +0 dagger.
Your transformation is almost over.
You stop sporulating.
Your +0 battleaxe unmelds from your body.
You see here a quokka corpse.
Ijyb zaps a wand.
You resist with significant effort.
You closely miss Ijyb. Your grab misses Ijyb. Ijyb barely misses you.
You barely miss Ijyb. You grab Ijyb. Your squeeze misses Ijyb.
You constrict Ijyb, but do no damage. Ijyb hits you with a +6 club! x2
* * * LOW HITPOINT WARNING * * *
You hit Ijyb.
Ijyb is lightly wounded.
You constrict Ijyb. Ijyb hits you with a +6 club.
You die...

#.......# #.....#.## #.......#
#........# #.......# #........#
#
######.......#####.......####.#
...............................
.........................[.....
...........†##....#####........
.......#....##..g.#####)###....
.........#..##..@.......# .#
........##..##.......<...
##......................#.
#......................#.#
#....................... .
#.>...............#..... ..
##............###?.$.... ..
#............# ......
#............# ....


You could see Ijyb.

Vanquished Creatures
  A hound (D:5)
  A ball python (D:4)
  An endoplasm (D:4)
  A kobold (D:3)
  A quokka (D:3)
5 creatures vanquished.

Notes
Turn   | Place    | Note
-------+----------+-------------------------------------------
     0 | D:5      | Azuregosa the Octopode Delver began the quest for the Orb.
     0 | D:5      | Reached XP level 1. HP: 16/16 MP: 1/1
    47 | D:5      | Noticed a hound
    58 | D:5      | Killed a hound
    59 | D:5      | Reached skill level 8 in Stealth
    59 | D:5      | Reached XP level 2. HP: 6/21 MP: 2/2
    59 | D:5      | Reached XP level 3. HP: 7/26 MP: 3/3
   181 | D:4      | Noticed an ice beast
   226 | D:3      | Noticed Ijyb
   259 | D:3      | Slain by Ijyb

Illustrated notes

Levels and vault maps discovered:
D:3:      layout_basic, uniq_robin, uniq_ijyb
D:4:      layout_loops_ring
D:5:      layout_gridville, marbit_many_paths, serial_bayou,
          serial_bayou_pond_e, serial_bayou_shore_a, serial_bayou_ford_a,
          serial_bayou_lagoon_a, grunt_ministairs_10

Skill      XL: |  1 |
---------------+----+-----
Stealth        | 8 |  8.1
Fighting       | |  3.0
Short Blades   | |  2.0
Dodging        | |  2.0

Action                     || total
---------------------------++-------
  Melee: Short sword       ||    17
         Constrict         ||     5
         Tentacles         ||     4
         Unarmed           ||     5
         Battleaxe         ||     3
    Use: Scroll            ||     1
   Stab: Sleeping          ||     2
 Armour: Skin              ||     7
  Dodge: Dodged            ||    11

Table legend: (Time is in decaauts)
 A = Elapsed time spent in this place.
 B = Non-inter-level travel time spent in this place.
 C = Inter-level travel time spent in this place.
 D = Time resting spent in this place.
 E = Time spent auto-exploring this place.
 F = Levels seen in this place.
 G = Mean time per level.
                   A        B        C        D        E       F      G
               +--------+--------+--------+--------+--------+-----+--------+
         Total |    257 |    257 |      0 |     76 |     24 |   3 |   85.7 |
       Dungeon |    257 |    257 |      0 |     76 |     24 |   3 |   85.7 |
               +--------+--------+--------+--------+--------+-----+--------+

Top non-repeatable levels by time:
     D:5: 142 daAuts
     D:3: 74 daAuts
     D:4: 40 daAuts
